 BcadrenCrawl: Boulder Brew version 0.04-7-g9306b1b961 (webtiles) character file.

Game seed: 13154916739562618822, levelgen mode: deterministic

1364 Chiseanne the Nimble (level 8, 63/63 HPs) Goblin Demonspawn. Began on Mar 22, 2021. Was an Initiate of Gozag Ym Sagoz. Quit the game in a bailey. The game lasted 00:08:10 (2975 turns).

Chiseanne the Nimble (Goblin Demonspawn)            Turns: 2975, Time: 00:08:11

Health: 63/63      AC: 10    Str:  8    XL:     8 ^: 30
Magic:  8/8        EV: 18    Int:  6    God:    Gozag Ym Sagoz
Gold:   237        SH:  0    Dex:  6    Spells: 8/9 levels left

rFire    . . .     Vision   .   k - +1 short sword (vamp)
rCold    + . .     Gourm    .   a - +0 long sword
rNeg     . . .     Faith    .   s - +1 scale mail
rPois    .         Spirit   .   (no helmet)
rElec    .         Reflect  .   (no cloak)
rCorr    .         Harm     .   (no gloves)
MR       .....                  (no boots)
Stlth    ..........             (no amulet)
HPRegen  0.31/turn              m - ring of slaying
MPRegen  0.18/turn              n - ring of evasion

@: no status effects
A: small, stagnant stats, goblin's greed, rugged brown scales 2, cold resistance
1, low mp 1, mutation resistance 1, god's pity 2
a: Potion Petition, Call Merchant, Bribe Branch, Renounce Religion


You were in a bailey.
You worshipped Gozag Ym Sagoz.
Gozag Ym Sagoz was aware of your devotion.
You were not hungry.

You visited 2 branches of the dungeon, and saw 5 of its levels.
You also visited: Bailey.

You collected 294 gold pieces.
You paid 114 gold pieces to Gozag.

Inventory:

Weapons
 a - a +0 long sword (weapon)
 k - a +1 vampiric short sword (weapon)
Armour
 s - a +1 scale mail (worn)
Jewellery
 m - a ring of slaying (left hand)
 n - a ring of evasion (right hand)
Wands
 p - a wand of iceblast
 u - a wand of enslavement
Scrolls
 c - a scroll of teleportation
 i - 3 scrolls of summoning
 j - 2 scrolls of blinking
 o - a scroll of immolation
Potions
 b - 5 potions of lignification
 e - a potion of cure mutation
 g - 2 potions of agility
 h - 2 potions of brilliance
 l - a potion of heal wounds
 q - 3 potions of invisibility
 r - 2 potions of resistance
 t - 4 potions of curing
 w - 3 potions of might
 x - 3 potions of haste
Comestibles
 d - 5 rations


   Skills:
 * Level 7.3 Fighting
 - Level 2.6 Long Blades
 * Level 6.7 Armour
 * Level 8.3 Dodging
 - Level 2.6 Stealth
 - Level 1.3 Spellcasting
 - Level 2.6 Fire Magic
   Level 4.0 Invocations


You had 8 spell levels left.
You knew the following spells:

 Your Spells              Type           Power        Failure   Level  Hunger
a - Flame Tongue          Fire           3 (30)       36%         1    ##.....

Your spell library contained the following spells:

 Spells                   Type           Power        Failure   Level  Hunger
 Conjure Flame            Fire           3 (100)      75%         3    ####...
 Blink                    Tloc           N/A          87%         2    ###....
 Call Imp                 Summ           0 (100)      87%         2    ###....
 Slow                     Hex            0 (100)      87%         2    ###....
 Mephitic Cloud           Pois/Air       0 (100)      98%         3    ####...


Dungeon Overview and Level Annotations

Branches:
Dungeon (4/8)              Temple (1/1) D:4          Bailey (1/1)

Altars:
Ashenzari
Cheibriados
Elyvilon
Fedhas Madash
Gozag Ym Sagoz
Hepliaklqana
Kikubaaqudgha
Makhleb
Okawaru
Qazlal
Ru
Sif Muna
Trog
Uskayaw
Vehumet
Wu Jian
Xom
Yredelemnul
The Shining One


Innate Abilities, Weirdness & Mutations

Your stats never grow through leveling.
Your goblin ancestry allows you to find more gold. (+20%)
You are small and have problems with some larger weapons.
You are mostly covered in rugged brown scales. (AC +2, +5% HP)
You are cold resistant. (rC+)
Your magical capacity is low. (-10% MP)
You are somewhat resistant to further mutation.
The pity of the gods increases the power of your passive and invoked divine abilities.


Message History

The mass of ice explodes!
The iceblast engulfs the orc but does no damage (0).
The orc warrior shouts!
Wand is now empty.
You see some ice cracking.
You hear a shout!
Evoke which item? (* to show all) (? for menu, Esc to quit)
This wand has no charges.
Unknown command.
Evoke which item? (* to show all) (? for menu, Esc to quit)
This wand has no charges.
Unknown command.
As you read the scroll of enchantment, it crumbles to dust.
Your +0 scale mail glows green for a moment.
The orc barely misses you (0).
The orc becomes distracted by your gold, dreaming of imaginary riches.
The orc is no longer distracted by gold.
As you read the scroll of bless item, it crumbles to dust.
Your +1 short sword of venom thirsts for the lives of mortals!
k - a +1 vampiric short sword (weapon)
Are you sure you want to abandon this character and quit the game? (Confirm with "yes".)

######### ##........
##..≈≈≈≈≈≈≈
##..≈≈.....≈
##########..≈≈..###..
#......@...≈≈..## o
#.≈≈≈≈≈≈≈≈≈≈..##.∩.
#.≈...$....o.## ...
#.≈.########## #+##
#.≈.## #.≈..##
#.≈≈..## ##.≈≈..#
#∩.≈≈..#


You could see an orc.

Vanquished Creatures
  Grinder (D:3)
  A water moccasin (D:2)
  2 big kobolds (D:2)
  Blork the orc (D:3)
  3 bullfrogs
  2 crimson imps
  A hound (D:4)
  A jelly (D:2)
  2 worker ants
  2 wyvern skeletons
  4 giant cockroaches
  An iron imp (D:4)
  2 porcupine skeletons (D:3)
  5 adders
  3 gnolls (D:4)
  23 sewer rats (D:2)
  5 cinder newts
  A worm (D:2)
  2 howler monkey skeletons (D:3)
  An ooze (D:2)
  A hound skeleton (D:3)
  4 leopard geckos
  2 adder skeletons (D:3)
  2 ball pythons (D:2)
  9 goblins
  7 hobgoblins (D:1)
  13 kobolds
  2 quokkas
  2 ball python skeletons (D:2)
  7 bats
  A bat skeleton (D:2)
  A goblin skeleton (D:2)
  6 rats (D:1)
120 creatures vanquished.

Vanquished Creatures (collateral kills)
  3 orcs (Bailey)
3 creatures vanquished.

Vanquished Creatures (others)
  A slimehead (D:2)
  41 withered plants (D:2)
42 creatures vanquished.

Grand Total: 165 creatures vanquished

Notes
Turn   | Place    | Note
-------+----------+-------------------------------------------
     0 | D:1      | Chiseanne the Goblin Demonspawn began the quest for the
                  | Orb.
     0 | D:1      | Reached XP level 1. HP: 13/13 MP: 2/2
     7 | D:1      | Gained mutation: You are partially covered in rugged brown
                  | scales. (AC +1, +3% HP) [demonic ancestry]
     7 | D:1      | Reached XP level 2. HP: 11/19 MP: 3/3
   123 | D:1      | Reached XP level 3. HP: 23/25 MP: 4/4
   189 | D:1      | Reached skill level 1 in Armour
   258 | D:1      | Reached XP level 4. HP: 19/30 MP: 5/5
   790 | D:2      | Reached skill level 5 in Dodging
   843 | D:2      | Reached XP level 5. HP: 37/37 MP: 6/6
   896 | D:2      | Gained mutation: You are cold resistant. (rC+) [demonic
                  | ancestry]
   896 | D:2      | Reached XP level 6. HP: 36/44 MP: 7/7
   971 | D:2      | Reached skill level 6 in Dodging
  1100 | D:2      | Reached XP level 7. HP: 49/50 MP: 8/8
  1297 | D:2      | Reached skill level 5 in Fighting
  1393 | D:2      | Reached skill level 5 in Armour
  1394 | D:2      | Reached skill level 7 in Dodging
  1450 | D:3      | Noticed Blork the orc
  1455 | D:3      | Killed Blork the orc
  1455 | D:3      | Gained mutation: You are mostly covered in rugged brown
                  | scales. (AC +2, +5% HP) [demonic ancestry]
  1455 | D:3      | Reached XP level 8. HP: 34/59 MP: 8/8
  2083 | D:3      | Noticed Grinder
  2102 | D:3      | Killed Grinder
  2191 | D:3      | Found a sacrificial altar of Ru.
  2367 | D:4      | Found a staircase to the Ecumenical Temple.
  2376 | Temple   | Entered the Ecumenical Temple
  2484 | D:3      | Reached skill level 8 in Dodging
  2578 | Temple   | Became a worshipper of Gozag Ym Sagoz the Greedy
  2822 | D:4      | Found a flagged portal.
  2917 | Bailey   | Entered a bailey
  2975 | Bailey   | Quit the game

Levels and vault maps discovered:
D:1:      minmay_arrival_four_houses, layout_cave_pools, minmay_tripent
D:2:      layout_sewer
D:3:      ossuary_tomb_3, layout_loops_ring, lemuel_doored_altar, first_ration,
          uniq_blork_the_orc, uniq_grinder
D:4:      layout_basic, minmay_temple_entry_trees, enter_bailey_3
Temple:   nicolae_temple_no_exploring_needed
Bailey:   bailey_polearm_1, bailey

Skill      XL: |  1  2  3  4  5  6  7  8 |
---------------+-------------------------+-----
Fighting       | 2 3 4 6 7 |  7.3
Armour         | 1 2 3 4 5 6 |  6.7
Dodging        | 5 6 7 8 |  8.3
Long Blades    | |  2.6
Stealth        | |  2.6
Spellcasting   | |  1.3
Fire Magic     | |  2.6
Invocations    | |  4.0

Action                   |  1- 3 |  4- 6 |  7- 9 || total
-------------------------+-------+-------+-------++-------
Melee: Long sword        |    45 |    75 |    75 ||   195
       Unarmed           |     3 |       |       ||     3
       Dagger            |    32 |     6 |       ||    38
       Short sword       |       |    79 |    95 ||   174
Evoke: Wand              |       |       |     5 ||     5
  Use: Scroll            |       |       |     2 ||     2
 Stab: Sleeping          |       |       |     2 ||     2
       Distracted        |       |       |     1 ||     1
  Eat: Chunk             |       |     2 |     4 ||     6
       Ration            |       |       |     1 ||     1
Armor: Leather armour    |     1 |       |       ||     1
       Ring mail         |    21 |    28 |    25 ||    74
       Scale mail        |       |       |    12 ||    12
Dodge: Dodged            |    80 |   143 |   165 ||   388
       Rpst.: Long sword |    22 |    41 |    52 ||   115
